 Dungeon Crawl Stone Soup version 0.24-a0-365-ga4d96b6e6e (webtiles) character file.

Game seed: 4554623103806078718

44 vurker the Skirmisher (level 3, -2/33 HPs)
             Began as a Hill Orc Fighter on May 27, 2019.
             Slain by an orc priest
             ... wielding a +0 trident
              (6 damage)
             ... on level 2 of the Dungeon.
             The game lasted 00:02:27 (1017 turns).

vurker the Skirmisher (Hill Orc Fighter)            Turns: 1017, Time: 00:02:28

Health: -2/33      AC:  7    Str: 19    XL:     3   Next: 60%
Magic:  3/3        EV:  5    Int: 13    God:
Gold:   40         SH: 13    Dex: 10    Spells: 2/2 levels left

rFire    . . .     SeeInvis .   a - +0 war axe
rCold    . . .     Gourm    .   i - +0 large shield
rNeg     . . .     Faith    .   b - +0 scale mail
rPois    .         Spirit   .   (no helmet)
rElec    .         Reflect  .   (no cloak)
rCorr    .         Harm     .   (no gloves)
MR       .....                  (no boots)
Stlth    ..........             (no amulet)
HPRegen  0.11/turn              (no ring)
MPRegen  0.08/turn              (no ring)

@: brilliant
A: no striking features
a: Convert to Beogh


You were on level 2 of the Dungeon.
You were not hungry.

You visited 1 branch of the dungeon, and saw 2 of its levels.

You collected 40 gold pieces.

Inventory:

Hand Weapons
 a - a +0 war axe (weapon)
Armour
 b - a +0 scale mail (worn)
 i - a +0 large shield (worn)
   (You found it on level 1 of the Dungeon)
Scrolls
 f - a scroll of remove curse {unknown}
 g - a scroll of random uselessness {unknown}
 h - a scroll of amnesia {unknown}
 l - a scroll of blinking {unknown}
Potions
 d - a potion of might
 j - a potion of curing {unknown}


   Skills:
 + Level 4.1 Fighting
 * Level 4.1 Axes
 + Level 3.7 Armour
 - Level 3.2 Shields


You had 2 spell levels left.
You didn't know any spells.
Your spell library was empty.

Dungeon Overview and Level Annotations

Branches:
Dungeon (2/15)

Altars:


Message History

The orc priest shouts!
The orc priest shouts, "Surrender to Beogh and we'll let you live!"
You slash the bat!
You kill the bat!
You hit the giant cockroach.
You kill the giant cockroach!
Your shield prevents you from hitting the orc priest.
The orc priest shouts, "Surrender to Beogh and we'll let you live!"
You hear an angry hiss.
The bat hits you but does no damage. x2
The orc priest shouts, "Join the one true god or die!"
You block the orc priest's attack. You block the adder's attack.
You hit the orc priest. You hit the bat.
You kill the bat!
You hit the adder.
The orc priest looks satisfied for a moment.
The orc priest hits you with a +0 whip. You block the adder's attack.
You slash the adder!
You kill the adder!
Your Axes skill increases to level 4!
You hit the orc priest but do no damage.
You block the orc priest's attack.
A kobold comes into view. It is wielding a +0 dagger.
The orc priest calls upon Beogh to heal the orc priest.
The orc priest's wounds heal themselves!
The orc priest miscasts a cantrip.
The orc priest shouts, "Surrender to Beogh and we'll let you live!"
You hit the orc priest but do no damage.
The orc priest shouts, "Join the one true god or die!"
The orc priest hits you but does no damage.
Your shield prevents you from hitting the orc priest.
The orc priest hits you with a +0 whip.
The orc priest mumbles some strange prayers to Beogh against you.
Beogh smites you!
* * * LOW HITPOINT WARNING * * *
You block the orc priest's attack.
It was a potion of brilliance.
You feel clever all of a sudden. The orc priest barely misses you.
You barely miss the orc priest. You block the orc priest's attack. x2
You barely miss the orc priest.
The orc priest shouts, "Surrender to Beogh and we'll let you live!"
You block the orc priest's attack. x3; The orc priest hits you with a +0 whip.
* * * LOW HITPOINT WARNING * * *
You closely miss the orc priest. You barely miss the frilled lizard.
The orc priest threatens, "By the altar or by the axe, you will meet Beogh!"
You block the frilled lizard's attack. The orc priest hits you with a +0 whip.
* * * LOW HITPOINT WARNING * * *
The orc priest hits you from afar with a +0 trident.
You die...

..# ..# .. ..##
#. ... #.. ..###
#..# ....# #
....# ##†.#
#..##..##@oo#.#.#
..........l......
....[...%.K.#.#..
############# ..
.


You could see 2 orc priests, a kobold and a frilled lizard.

Vanquished Creatures
  An adder (D:2)
  A dart slug (D:1)
  2 leopard geckos (D:1)
  2 giant cockroaches
  4 goblins (D:1)
  6 hobgoblins
  5 bats
  2 frilled lizards (D:1)
  2 kobolds (D:1)
  3 rats (D:1)
28 creatures vanquished.

Notes
Turn   | Place    | Note
-------+----------+-------------------------------------------
     0 | D:1      | vurker the Hill Orc Fighter began the quest for the Orb.
     0 | D:1      | Reached XP level 1. HP: 19/19 MP: 1/1
   188 | D:1      | Reached XP level 2. HP: 18/27 MP: 2/2
   730 | D:1      | Reached XP level 3. HP: 31/33 MP: 3/3
  1017 | D:2      | Slain by an orc priest

Levels and vault maps discovered:
D:1:      dpeg_arrival_chase, layout_loops_corners, minmay_pentomino_t4
D:2:      minmay_chambers_of_ones, layout_loops_cross, elyvilon_altar_5,
          palyth_stone_intersect

Skill      XL: |  1  2  3 |
---------------+----------+-----
Axes           | 3 4 |  4.1
Fighting       | 4 |  4.1
Armour         | |  3.7
Shields        | |  3.2

Action                   || total
-------------------------++-------
Melee: War axe           ||   110
  Use: Potion            ||     1
  Eat: Ration            ||     1
Armor: Scale mail        ||    59
Dodge: Dodged            ||    38
Block: Shield            ||    22
       Large shield      ||    63

Table legend:
 A = Non-vault XP
 B = Vault XP
 C = Vault XP percentage of total XP
 D = Non-vault monster count
 E = Vault monster count
 F = Vault count percentage of total count
                 A         B        C        D         E       F
            +---------+---------+-------+---------+---------+-------
      Total |      59 |       4 |   6.3 |      25 |       3 |  10.7
            +---------+---------+-------+---------+---------+-------
        D:1 |      39 |       4 |   9.3 |      20 |       3 |  13.0
        D:2 |      20 |       0 |   0.0 |       5 |       0 |   0.0
            +---------+---------+-------+---------+---------+-------
